AoeStats
← AussieToast

Pilgrims

509542772Analyzed
3v3 RM · 6d ago on Sep 27, 2026· 50m 16s· 6 players
Game mode
Random Map
Map size
Normal (6 player)
Population
200
Speed
Normal
Resources
Standard
Victory
Conquest
Starting age
Dark Age
Ending age
Imperial Age
RankedLock teamsTeams togetherTeam positionsShared explorationLock speedFull tech treeHidden civsTurbo modeCheats
Victory
Defeat
🇦🇺 Wei · Australia
949
+14
🇦🇺 Byzantines · Australia
913
+16
🇦🇺 Varangians · Australia
912
+16
🇺🇸 Bulgarians · United States
942
-17
🇺🇸 Persians · United States
909
-15
🇺🇸 Japanese · United States
874
-14
TocTheYoungr
4:51 Loom
13:34 Feudal Age
14:59 Wheelbarrow
15:06 Fishing Lines
15:18 Double-Bit Axe
19:28 Castle Age
18:27 Gold Mining
18:34 Stone Mining
20:16 Gillnets
20:41 Medium Warships
21:07 Bow Saw
22:19 Hand Cart
22:57 Careening
24:44 Pikeman
26:56 Fletching
30:19 Yasama
31:14 Scale Mail Armor
31:25 Forging
32:14 Guard Tower
32:37 Masonry
33:07 Bodkin Arrow
38:36 Imperial Age
37:15 Ballistics
39:58 Bracer
40:21 Chain Mail Armor
42:01 Gold Shaft Mining
42:30 Heavy Warships
43:09 Elite Samurai
45:05 Halberdier
46:20 Arrowslits
47:12 Keep
47:03 Dry Dock
48:25 Two-Man Saw
48:28 Plate Mail Armor
48:33 Iron Casting
48:23 Conscription
kz
12:17 Feudal Age
13:19 Double-Bit Axe
14:59 Horse Collar
15:14 Fishing Lines
20:00 Gold Mining
25:35 Castle Age
24:30 Loom
28:33 Demolition Ship
31:58 Stone Mining
34:20 Forging
34:16 Scale Barding Armor
35:10 Husbandry
35:20 Bloodlines
Socrates_Johnson
4:15 Loom
11:52 Feudal Age
15:45 Double-Bit Axe
22:17 Castle Age
21:09 Fletching
21:49 Scale Mail Armor
22:00 Forging
21:53 Scale Mail Armor
22:22 Bloodlines
23:28 Chain Mail Armor
22:59 Pikeman
23:17 Light Cavalry
25:07 Bow Saw
25:18 Stone Mining
28:17 Iron Casting
29:28 Scale Barding Armor
29:19 Bodkin Arrow
30:50 Squires
36:41 Wheelbarrow
36:40 Chain Barding Armor
41:18 Horse Collar
42:59 Hand Cart
44:54 Heavy Plow
45:34 Husbandry
AussieToast
6:04 Loom
13:05 Feudal Age
13:51 Double-Bit Axe
14:56 Wheelbarrow
18:59 Stone Mining
19:00 Gold Mining
19:04 Fletching
19:15 Scale Mail Armor
19:26 Forging
20:31 Fishing Lines
25:40 Castle Age
25:06 Scale Barding Armor
26:47 Medium Warships
26:27 Gillnets
32:45 Chain Barding Armor
33:01 Iron Casting
32:22 Bodkin Arrow
36:41 Imperial Age
36:19 Hand Cart
36:17 Bow Saw
38:51 Elite Cataphract
40:17 Heavy Warships
40:57 Two-Man Saw
40:54 Plate Barding Armor
43:19 Gold Shaft Mining
42:59 Logistica
42:53 Bracer
44:52 Murder Holes
45:22 Ballistics
46:10 Conscription
46:06 Greek Fire
47:38 Caravan
Curlz
9:42 Loom
12:09 Feudal Age
15:04 Double-Bit Axe
19:50 Castle Age
18:56 Gold Mining
18:57 Stone Mining
19:43 Fishing Lines
22:15 Husbandry
22:26 Bloodlines
24:57 Gillnets
31:08 Scale Barding Armor
31:14 Forging
36:26 Imperial Age
37:01 Heavy Hei Guang Cavalry
39:38 Tuntian
40:06 Ming Guang Armor
39:43 Tuntian
42:30 Chain Barding Armor
46:36 Wheelbarrow
47:35 Gold Shaft Mining
47:38 Stone Shaft Mining
48:16 Caravan
47:56 Elite Tiger Cavalry
48:59 Conscription
Sinbad
7:48 Loom
15:53 Feudal Age
17:54 Scale Barding Armor
20:37 Castle Age
19:03 Bloodlines
19:33 Double-Bit Axe
20:39 Town Watch
22:50 Horse Collar
28:13 Husbandry
29:07 Heavy Plow
32:00 Man-at-Arms
32:26 Gambesons
33:52 Pikeman
34:32 Squires
34:38 Crossbowman
38:38 Gold Mining
38:39 Stone Mining
39:03 Bow Saw
38:50 Long Swordsman
43:36 Imperial Age
41:26 Fishing Lines
43:32 Wheelbarrow
44:01 Forging
43:51 Scale Mail Armor
45:17 Iron Casting
46:16 Elite Jarl
47:17 Chain Mail Armor
49:45 Blast Furnace
Connection lost

Rejoining the realm…

Still unreachable

The connection could not be restored.

Session expired

The server has moved on; the page needs a fresh start.